 Dungeon Crawl Stone Soup version 0.32-a0-913-g739538afd8 (webtiles) character file.

Game seed: 13168372704624245842

162 Dirtsage the Insei (level 5, -2/41 HPs)
             Began as a Demonspawn Monk on Apr 9, 2024.
             Succumbed to Eustachio's poison
             ... on level 4 of the Dungeon.
             The game lasted 00:03:26 (2012 turns).

Dirtsage the Insei (Demonspawn Monk)                Turns: 2012, Time: 00:03:27

Health: -2/41      AC:  6    Str: 13    XL:     5   Next: 19%
Magic:  5/5        EV: 15    Int: 11    God:
Gold:   120        SH:  0    Dex: 15    Spells: 4/4 levels left

rFire   . .          .
                       - Unarmed
rCold   . . .        (no shield)
rNeg    . . .        x - +0 ring mail
rPois   .            (no helmet)
rElec   .            (no cloak)
rCorr   .            (no gloves)
SInv    .            t - +0 pair of boots
Will    .....        s - amulet of regeneration
Stlth   +            e - +5 ring of evasion
HPRegen 1.06/turn    (no ring)
MPRegen 0.09/turn

%: no passive effects
@: lethally poisoned (-2 -> -21)
A: demonic magic 1, demonic touch 2
a: no special abilities


You were on level 4 of the Dungeon.
You visited 1 branch of the dungeon, and saw 4 of its levels.

You collected 120 gold pieces.

Inventory:

Armour
 t - a +0 pair of boots (worn)
 x - a +0 ring mail (worn)
Magical Staves
 v - a staff of conjuration
Jewellery
 e - a +5 ring of evasion (left hand)
 g - an amulet of magic regeneration
 s - an amulet of regeneration (around neck)
Scrolls
 a - a scroll of amnesia {unknown}
 c - 2 scrolls of vulnerability {unknown}
 d - 3 scrolls of identify {unknown}
 f - 2 scrolls of teleportation {unknown}
 j - a scroll of enchant weapon {unknown}
 k - a scroll of fog {unknown}
 l - 2 scrolls of acquirement {unknown}
 n - 2 scrolls of enchant armour {unknown}
 p - a scroll of noise {unknown}
 u - 2 scrolls of revelation {unknown}
Potions
 b - a potion of ambrosia
 h - a potion of resistance {unknown}
 i - a potion of heal wounds {unknown}
 m - a potion of enlightenment {unknown}
 o - a potion of lignification {unknown}
 q - 2 potions of magic {unknown}
 r - a potion of cancellation {unknown}


   Skills:
 - Level 3.0 Fighting
 - Level 2.6 Dodging
 + Level 5.4 Unarmed Combat


You had 4 spell levels left.
You didn't know any spells.
Your spell library contained the following spells:

 Spells                   Type           Power      Damage    Failure   Level
 Hailstorm                Conj/Ice       0%         3d5       93%         3
 Summon Ice Beast         Ice/Summ       0%         N/A       93%         3
 Permafrost Eruption      Ice/Erth       0%         2x4d1     100%        6
 Sculpt Simulacrum        Ice/Alch       0%         N/A       100%        6
 Ozocubu's Refrigeration  Ice            0%         4d7       100%        7
 Polar Vortex             Ice            0%         N/A       100%        9


Dungeon Overview and Level Annotations

Branches:
Dungeon (4/15)
 Temple: D:4-7

Altars:
Makhleb
Ru

Shops:
D:1 *(

Annotations:
D:4 Eustachio


Innate Abilities, Weirdness & Mutations

Spells you cast may paralyse adjacent enemies.
Your touch may inflict irresistible damage on your foes.


Message History

Your demonic ancestry asserts itself...
A menacing aura infuses your magic.
You regained 7 hp, and now have 39/41 hp.
MP restored: 5 HP restored.
You see here an iguana corpse.
You open the door.
Eustachio the Magnificent comes into view.
He is wielding a +0 rapier of venom.
Health restored: 41
There is an open door here.
Eustachio hits you but does no damage.
You are poisoned.
You hit Eustachio.
You touch Eustachio!
Eustachio is moderately wounded.
You feel sick.
Eustachio hits you with a +0 rapier of venom!
You are more poisoned.
You take 9 damage, and have 32/41 hp.
MASSIVE DAMAGE!!
You hit Eustachio.
Eustachio is moderately wounded.
You feel very sick.
Eustachio hits you with a +0 rapier of venom!
You are lethally poisoned!
You take 11 damage, and have 21/41 hp.
MASSIVE DAMAGE!!
You hit Eustachio.
Eustachio is heavily wounded.
You feel extremely sick.
Eustachio gestures wildly while chanting.
You take 6 damage, and have 15/41 hp.
You barely miss Eustachio. Your touch misses Eustachio.
Eustachio is heavily wounded.
* * * LOW HITPOINT WARNING * * *
You feel very sick.
Eustachio hits you with a +0 rapier of venom.
* * * LOW HITPOINT WARNING * * *
You are more poisoned.
You take 12 damage, and have 3/41 hp.
MASSIVE DAMAGE!!
You punch Eustachio! You punch Eustachio.
Eustachio is severely wounded.
You die...

### #... #####..≈§ #.
#.# #......≈§ #.# #.#
#......≈§ #.# #.#
#.@...)§. #.##.#
#.#####@.5...§.
#.##.#####.##..'......§.
#.##.....#.##.##......§≈
#.##.....#.##.##.....§.§
.........'.†.........§§.
..##.....#.##.######.§≈§
..##.....#.##.# ..≈.
.........#.##.# .≈.
.....#####.##.#


You could see Eustachio and a crimson imp (summoned).

Vanquished Creatures
  A bombardier beetle (D:3)
  An iguana (D:4)
  4 adders
  3 dart slugs
  2 orcs (D:3)
  2 bats
  6 endoplasms
  3 giant cockroaches
  4 goblins
  7 hobgoblins
  2 jackals (D:3)
  6 kobolds
  4 quokkas
  6 ball pythons
  6 frilled lizards
  5 rats
62 creatures vanquished.

Notes
Turn   | Place    | Note
-------+----------+-------------------------------------------
     0 | D:1      | Dirtsage the Demonspawn Monk began the quest for the Orb.
     0 | D:1      | Reached XP level 1. HP: 18/18 MP: 1/1
   176 | D:1      | Reached skill level 3 in Unarmed Combat
   241 | D:1      | Gained mutation: Your touch may inflict minor irresistible
                  | damage on your foes. [demonic ancestry]
   241 | D:1      | Reached XP level 2. HP: 24/24 MP: 2/2
   422 | D:1      | Found Vuhef's Assorted Antiques.
   607 | D:1      | Found Henloteb's Weapon Boutique.
   764 | D:2      | Reached XP level 3. HP: 25/29 MP: 3/3
   952 | D:2      | Found a burning altar of Makhleb.
   983 | D:2      | Reached skill level 4 in Unarmed Combat
  1296 | D:3      | Found a sacrificial altar of Ru.
  1374 | D:3      | Gained mutation: Your touch may inflict irresistible damage
                  | on your foes. [demonic ancestry]
  1374 | D:3      | Reached XP level 4. HP: 31/35 MP: 4/4
  1509 | D:3      | Reached skill level 5 in Unarmed Combat
  1801 | D:3      | Found a faded altar of an unknown god.
  1996 | D:4      | Gained mutation: Spells you cast may paralyse adjacent
                  | enemies. [demonic ancestry]
  1996 | D:4      | Reached XP level 5. HP: 39/41 MP: 5/5
  2005 | D:4      | Noticed Eustachio
  2012 | D:4      | Succumbed to Eustachio's poison

Illustrated notes

Levels and vault maps discovered:
D:1:      dpeg_arrival_three_smaller_balls, layout_basic, serial_shops,
          nicolae_shop_rolling_square, nicolae_shop_bloodbath_and_beyond,
          st_stairs_14, palyth_stone_intersect, minivault_24, minmay_ruptured
D:2:      layout_rooms, basic_altar
D:3:      layout_loops_ring, nicolae_ru_the_path_less_chosen,
          shapermc_ecumenical_altar_hornbeckon, minmay_randomly_rotated_circles
D:4:      layout_basic, mainiacjoe_overflow_catwalk_spiral, nicolae_wormholes,
          uniq_eustachio

Skill      XL: |  1  2  3  4 |
---------------+-------------+-----
Unarmed Combat | 3 4 5 |  5.4
Fighting       | |  3.0
Dodging        | |  2.6

Action                     |  1- 3 |  4- 6 || total
---------------------------+-------+-------++-------
  Melee: Unarmed           |   105 |    67 ||   172
         Touch             |     8 |     8 ||    16
         Punch             |     1 |     4 ||     5
 Armour: Robe              |    23 |       ||    23
         Leather armour    |    12 |    14 ||    26
         Ring mail         |       |    12 ||    12
  Dodge: Dodged            |    87 |    40 ||   127

Table legend: (Time is in decaauts)
 A = Elapsed time spent in this place.
 B = Non-inter-level travel time spent in this place.
 C = Inter-level travel time spent in this place.
 D = Time resting spent in this place.
 E = Time spent auto-exploring this place.
 F = Levels seen in this place.
 G = Mean time per level.
                   A        B        C        D        E       F      G
               +--------+--------+--------+--------+--------+-----+--------+
         Total |   2003 |   1890 |    113 |      0 |   1498 |   4 |  500.8 |
       Dungeon |   2003 |   1890 |    113 |      0 |   1498 |   4 |  500.8 |
               +--------+--------+--------+--------+--------+-----+--------+

Top non-repeatable levels by time:
     D:3: 756 daAuts
     D:1: 683 daAuts
     D:2: 519 daAuts
     D:4: 44 daAuts
